 Dungeon Crawl Stone Soup version 0.17-b1-18-g553e9fc (webtiles) character file.

60 Kloppie the Sneak (level 3, 0/24 HPs)
             Began as a Vampire Enchanter on Nov 4, 2015.
             Slain by an adder (1 damage)
             ... on level 2 of the Dungeon.
             The game lasted 00:03:26 (1664 turns).

Kloppie the Sneak (Vampire Enchanter)               Turns: 1664, Time: 00:03:26

Health: 0/24       AC:  5    Str:  7    XL:     3   Next: 80%
Magic:  1/6        EV: 13    Int: 17    God:
Gold:   47         SH:  0    Dex: 15    Spells: 2 memorised, 3 levels left

rFire  . . .     SeeInvis +     a - +1 dagger
rCold  . . .     Clarity  .     b - +1 robe
rNeg   + . .     SustAt   .     (no shield)
rPois  .         Gourm    .     h - +1 helmet
rElec  .         Spirit   .     (no cloak)
rCorr  .         Warding  .     (no gloves)
rMut   .         Stasis   .     (no boots)
MR     .....                    (no amulet)
Stlth  ++++......               (no ring)
                                (no ring)

@: lethally poisoned (0 -> -6), very slightly contaminated, not resistant to
hostile enchantments, stealthy
A: fangs 3, see invisible, unbreathing
a: Bat Form


You were on level 2 of the Dungeon.
You were not thirsty.

You visited 1 branch of the dungeon, and saw 2 of its levels.

You collected 47 gold pieces.

Inventory:

Hand Weapons
 a - a +1 dagger (weapon)
Armour
 b - a +1 robe (worn)
 h - a +1 helmet (worn)
Jewellery
 g - a +4 ring of strength {unknown}
 k - an uncursed ring of magical power {unknown}
 m - an uncursed ring of protection from cold {unknown}
Scrolls
 e - 4 scrolls of remove curse {unknown}
 i - a scroll of identify {unknown}
Potions
 f - a potion of lignification {unknown}
 j - a potion of flight {unknown}
 l - a potion of brilliance {unknown}
 n - a potion of curing {unknown}
Books
 c - a book of Maledictions

   Spells                             Type                      Level
   a - Corona                         Hexes                        1
   b - Ensorcelled Hibernation        Hexes/Ice                    2
   c - Confuse                        Hexes                        3
   d - Tukima's Dance                 Hexes                        3
   e - Dazzling Spray                 Conjuration/Hexes            3


   Skills:
 - Level 1.1 Short Blades
 - Level 3.2 Dodging
 + Level 5.8 Stealth
 - Level 2.0 Spellcasting
 + Level 5.0 Hexes


You had 3 spell levels left.
You knew the following spells:

 Your Spells              Type           Power        Failure   Level  Hunger
a - Corona                Hex            ###....      2%          1    #......
b - Ensorcelled Hibernat  Hex/Ice        ##....       12%         2    ###....


Dungeon Overview and Level Annotations

Branches:
Dungeon (2/15)

Altars:


Innate Abilities, Weirdness & Mutations

You have razor-sharp teeth.
You have supernaturally acute eyesight.
You can survive without breathing.


Message History

You closely miss the adder.
The adder is heavily wounded.
The adder bites you but does no damage.
You hit the adder but do no damage.
The adder is heavily wounded.
The adder bites you.
* * * LOW HITPOINT WARNING * * *
You barely miss the adder.
The adder is heavily wounded.
The adder bites you.
* * * LOW HITPOINT WARNING * * *
You are lethally poisoned!
The adder poisons you!
You hit the adder but do no damage.
The adder is heavily wounded.
* * * LOW HITPOINT WARNING * * *
You feel sick. The adder closely misses you.
Drink which item? (? for menu, Esc to quit)
Yummy - fresh blood!
The adder barely misses you. The adder bites you.
You die...

###..###### #.# .....#
#.# ###..# #.#
###..##### #.#
.........# #.#
###..###.# #.#
###..###.# #>#
.........# #.###
.....###.# #.@.#
.#######.########S#####
.........).....r(bK..(#
.....###.......b#.###.#
..###.......##........
.## ..... ....$[###. ##
.( .##..### # .. ...# #
. ###.#


You could see an adder, a bat and a kobold.

Vanquished Creatures
  Robin (D:1)
  3 oozes (D:1)
  A giant gecko (D:2)
  A bat (D:1)
  A giant cockroach (D:2)
  13 goblins
  5 hobgoblins
  A ball python (D:1)
  2 giant newts (D:1)
  4 kobolds (D:1)
  2 rats
34 creatures vanquished.

Notes
Turn   | Place    | Note
--------------------------------------------------------------
     0 | D:1      | Kloppie the Vampire Enchanter began the quest for the Orb.
     0 | D:1      | Reached XP level 1. HP: 13/13 MP: 3/3
   148 | D:1      | Reached XP level 2. HP: 5/19 MP: 3/5
   819 | D:1      | Reached skill level 5 in Stealth
   862 | D:1      | Learned a level 2 spell: Ensorcelled Hibernation
  1064 | D:2      | Reached XP level 3. HP: 13/24 MP: 6/6
  1083 | D:2      | Noticed Robin
  1512 | D:1      | Killed Robin
  1627 | D:2      | Reached skill level 5 in Hexes
  1663 | D:2      | HP: 1/24 [poisoned by an adder]
  1664 | D:2      | Slain by an adder

Action                   || total
-------------------------++-------
Melee: Dagger            ||   107
 Cast: Corona            ||     6
       Ensorcelled Hiber ||     1
  Use: Potion            ||     1
 Stab: Sleeping          ||     5
       Distracted        ||     1
  Eat: Corpse            ||     2
